 Dungeon Crawl Stone Soup version 0.27.1-2-g3b301248ec (webtiles) character file.

Game seed: 8168078754151379511

128 CuBeRJAN3 the Magician (level 4, 0/25 HPs)
             Began as a Deep Elf Fire Elementalist on Oct 4, 2021.
             Slain by a sky beast (5 damage)
             ... on level 3 of the Dungeon.
             The game lasted 00:08:14 (2503 turns).

CuBeRJAN3 the Magician (Deep Elf Fire Elementalist) Turns: 2503, Time: 00:08:14

Health: 0/25       AC:  2    Str:  5    XL:     4   Next: 87%
Magic:  10/12      EV: 13    Int: 21    God:
Gold:   102        SH:  0    Dex: 15    Spells: 4/12 levels left

rFire    + . .     SeeInvis .   j - +4 dagger
rCold    . . .     Faith    .   (no shield)
rNeg     . . .     Spirit   .   a - +0 robe
rPois    .         Reflect  .   (no helmet)
rElec    .         Harm     .   (no cloak)
rCorr    .         Rampage  .   (no gloves)
Will     .....                  (no boots)
Stlth    ++........             (no amulet)
HPRegen  0.08/turn              g - ring of protection from fire
MPRegen  0.13/turn              (no ring)

@: no status effects
A: no striking features
a: no special abilities


You were on level 3 of the Dungeon.
You visited 1 branch of the dungeon, and saw 3 of its levels.

You collected 102 gold pieces.

Inventory:

Hand Weapons
 b - a +0 dagger
 j - a +4 dagger (weapon)
Armour
 a - a +0 robe (worn)
 i - a +0 leather armour
Jewellery
 g - a ring of protection from fire (left hand)
Scrolls
 c - 2 scrolls of identify {unknown}
 d - a scroll of acquirement {unknown}
 e - a scroll of amnesia {unknown}
 h - a scroll of fear {unknown}
Potions
 f - a potion of invisibility {unknown}


   Skills:
 + Level 1.0 Fighting
 + Level 3.0 Dodging
 + Level 3.3 Stealth
 * Level 4.7 Spellcasting
 + Level 2.1 Conjurations
 + Level 3.8 Fire Magic


You had 4 spell levels left.
You knew the following spells:

 Your Spells              Type           Power      Damage    Failure   Level
a - Foxfire               Conj/Fire      68%        2x1d7     3%          1
b - Conjure Flame         Conj/Fire      17%        6-21      10%         3
c - Sticky Flame          Conj/Fire      17%        2d4       32%         4

Your spell library contained the following spells:

 Spells                   Type           Power      Damage    Failure   Level
 Inner Flame              Hex/Fire       12%        N/A       16%         3
 Fireball                 Conj/Fire      8%         3d6       67%         5


Dungeon Overview and Level Annotations

Branches:
Dungeon (3/15)

Altars:
Xom


Message History

You conjure some foxfire!
The foxfire hits the sky beast.
The sky beast is moderately wounded.
The foxfire hits the sky beast.
The sky beast is moderately wounded.
You closely miss the sky beast.
The sky beast is moderately wounded.
Casting: Foxfire (safe; 3% risk of failure)
Press: ? - help, Q - select action Dir - look around, f - activate You conjure some foxfire!
The sky beast barely misses you.
You miss the sky beast.
The sky beast is moderately wounded.
The foxfire hits the sky beast.
The sky beast is moderately wounded.
The foxfire hits the sky beast.
The sky beast is heavily wounded.
The sky beast closely misses you.
Casting: Foxfire (safe; 3% risk of failure)
Press: ? - help, Q - select action Dir - look around, f - activate You conjure some foxfire!
The sky beast closely misses you.
You closely miss the sky beast.
The sky beast is heavily wounded.
The foxfire hits the sky beast.
The sky beast is heavily wounded.
The foxfire hits the sky beast.
The sky beast is severely wounded.
The sky beast flickers out of sight!
Deactivating autopickup; reactivate with Ctrl-A.
Something hits you. Something shocks you. Something hits you.
Something shocks you.
Things that are here:
a +0 spear; a +0 club You see here a +0 club.
There is a stone staircase leading up, spattered with blood here.
Something hits you.
* * * LOW HITPOINT WARNING * * *
Something shocks you.
You die...

###### .....# ###########
####.####.........####### ##
#b##......######@........ .#
#P.#............{)####### .#
#PP#######[###....)...#####.#
#..#######..............).#.#
..##........####.)###.###.#.####.
.##########.####..# #.###..#.....
## #...........###.#.......#
....###.####........#≈..#..# ##
#.# #........≈≈[≈≈....


There were no monsters in sight!

Vanquished Creatures
  An orc priest (D:3)
  3 gnolls
  An adder (D:1)
  2 worms
  A dart slug (D:2)
  3 orcs
  4 ball pythons
  3 endoplasms
  A giant cockroach (D:1)
  2 goblins (D:2)
  8 hobgoblins
  4 jackals (D:1)
  6 kobolds
  A quokka (D:3)
  A bat (D:1)
  5 frilled lizards
  3 rats
49 creatures vanquished.

Vanquished Creatures (others)
  163 foxfires
163 creatures vanquished.

Grand Total: 212 creatures vanquished

Notes
Turn   | Place    | Note
-------+----------+-------------------------------------------
     0 | D:1      | CuBeRJAN3 the Deep Elf Fire Elementalist began the quest
                  | for the Orb.
     0 | D:1      | Reached XP level 1. HP: 10/10 MP: 6/6
   136 | D:1      | Reached XP level 2. HP: 9/15 MP: 0/8
   857 | D:1      | Found a faded altar of an unknown god.
  1054 | D:1      | Reached XP level 3. HP: 20/20 MP: 6/10
  1229 | D:2      | Reached skill level 4 in Spellcasting
  1237 | D:2      | Learned a level 3 spell: Conjure Flame
  1479 | D:2      | Found a shimmering altar of Xom.
  1796 | D:3      | Found a glowing drain.
  1828 | D:3      | Reached XP level 4. HP: 16/24 MP: 4/12
  2085 | D:3      | Learned a level 4 spell: Sticky Flame
  2231 | D:3      | Reached skill level 1 in Fighting
  2483 | D:3      | Noticed a sky beast
  2503 | D:3      | Slain by a sky beast

Illustrated notes

Levels and vault maps discovered:
D:1:      psy_arrival_radial01, layout_rooms, dilly_ecumenical_altar_fadedgnrine
D:2:      layout_rooms, basic_altar
D:3:      layout_loops_ring, kiku_gazebo_pond_becter,
          mainiacjoe_overflow_alcove_4, serial_aquarium, aquarium_bridge_square
          [aquarium_subvault_window, aquarium_subvault_window,
          aquarium_subvault_balcony, aquarium_subvault_bridge],
          aquarium_window_1, aquarium_window_fake, aquarium_view_2a,
          aquarium_balcony_double_2, aquarium_pool_2,
          cheibrodos_sewer_entry_drain, chequers_serial_rivers_micro_b,
          minmay_misc_feat_room, uniq_natasha

Skill      XL: |  1  2  3  4 |
---------------+-------------+-----
Spellcasting   | 4 |  4.7
Stealth        | 3 |  3.3
Conjurations   | 2 |  2.1
Fighting       | 1 |  1.0
Dodging        | 3 |  3.0
Fire Magic     | |  3.8

Action                   |  1- 3 |  4- 6 || total
-------------------------+-------+-------++-------
Melee: Dagger            |    14 |     7 ||    21
 Cast: Foxfire           |    84 |    15 ||    99
 Stab: Sleeping          |     1 |       ||     1
Armor: Robe              |     6 |       ||     6
Dodge: Dodged            |    26 |     7 ||    33
